 Dungeon Crawl Stone Soup version 0.15.2 (webtiles) character file.

9287 MisterOstroum the Fighter (level 11, 90/90 HPs)
             Began as a Mummy Monk on Jan 7, 2020.
             Quit the game on Level 7 of the Dungeon on Jan 8, 2020.
             The game lasted 01:45:32 (34506 turns).

MisterOstroum the Fighter (Mummy Monk)             Turns: 34506, Time: 01:45:33

HP  90/90        AC  9     Str 14      XL: 11   Next: 21%
MP  11/11        EV 17     Int 13      God:
Gold 316         SH  5     Dex 18      Spells:  0 memorised, 10 levels left

rFire  x x .     SeeInvis .       - Unarmed
rCold  + + +     Clarity  .     (no armour)
rNeg   + + +     rCorr    .     q - +0 buckler {=d}
rPois  +         rRot     +     u - +2 helmet {=d}
rElec  .         Spirit   .     (no cloak)
SustAb .         Warding  .     L - +2 pair of gloves {=d}
rMut   .         Stasis   .     d - +2 pair of boots {=d}
Gourm  .                        (no amulet)
MR     +....                    r - ring of ice
                                H - ring of protection from cold

@: brilliant, somewhat resistant to hostile enchantments, fairly stealthy
A: no food or potions, fire vulnerability, restore body, cold resistance 1,
negative energy resistance 3, poison resistance, torment resistance, unbreathing
a: no special abilities


You were on level 7 of the Dungeon.
You were not hungry.

You visited 3 branches of the dungeon, and saw 13 of its levels.

You collected 655 gold pieces.
You spent 315 gold pieces at shops.

Inventory:

Hand weapons
 R - a +0 short sword
Missiles
 i - 23 sling bullets
 n - 8 stones (quivered)
 o - 18 arrows of frost
 x - 47 arrows
Armour
 d - a +2 pair of boots (worn) {=d}
 q - a +0 buckler (worn) {=d}
 u - a +2 helmet (worn) {=d}
 L - a +2 pair of gloves (worn) {=d}
Scrolls
 b - 11 scrolls of remove curse {@r2}
 e - 2 scrolls of teleportation {!r}
 f - a scroll of random uselessness {!r}
 g - 5 scrolls of magic mapping {!r@r5 !r}
 h - 2 scrolls of blinking {!r}
 k - 2 scrolls of immolation {!r}
 l - 2 scrolls of noise {!r}
 m - a scroll of amnesia {!r}
 p - 3 scrolls of teleportation {!r@r3 !r}
 w - a scroll of enchant weapon {!r, unknown}
 z - a scroll of enchant armour {!r}
 C - a scroll of fog {!r}
 J - 3 scrolls of fear {!r!r}
Jewellery
 r - a ring of ice (right hand)
 s - a cursed ring of sustain abilities
 H - a ring of protection from cold (left hand)
Potions
 a - a potion of curing {unknown}
 c - a potion of berserk rage {unknown}
 j - 2 potions of haste {unknown}
 B - a potion of degeneration {unknown}


   Skills:
 * Level 10.0 Fighting
 + Level 6.7 Dodging
 - Level 6.0 Stealth
 - Level 4.0 Shields
 - Level 9.0 Unarmed Combat


You had 10 spell levels left.
You didn't know any spells.

Dungeon Overview and Level Annotations

Branches:
Dungeon (9/15)             Temple (1/1) D:5            Lair (3/8) D:8
    Orc: D:9-12       Swamp: Lair:3-6    Shoals: Lair:3-6     Snake: Lair:3-6
 Spider: Lair:3-6

Altars:
Kikubaaqudgha
Nemelex Xobeh
Sif Muna
Xom

Shops:
D:6 *

Annotations:
D:5 exclusion: upstairs
D:8 WOW RC+++ ON D8, exclusion: downstairs
D:9 exclusions: 2 hippogriffs and upstairs
Lair:1 We are the rats. NO EVOCATIONSSSSSSS AAAAAAAAAAAAAAAAAAAAA
Lair:2 exclusions: hydra and 3 more exclusions


Innate Abilities, Weirdness & Mutations

You do not eat or drink.
Your flesh is vulnerable to fire.
Your flesh is cold resistant.
You are immune to negative energy.
Your system is resistant to poisons.
You are immune to unholy pain and torment.
You can survive without breathing.


Message History

You hit the centaur but do no damage. You block the centaur's attack.
You punch the centaur!
The centaur is heavily wounded.
The centaur hits you but does no damage.
You hit the centaur but do no damage.
The centaur is heavily wounded.
The centaur closely misses you. x2
You hit the centaur.
The centaur is heavily wounded.
The centaur misses you.
You punch the centaur!
The centaur is almost dead.
You block the centaur's attack. The centaur hits you.
You punch the centaur!
You kill the centaur!
No target in view!
No target in view!
x - 47 arrows (gained 13)
You see here a shortbow.
HP restored.
A black bear comes into view.
A black bear is nearby!
You hit the black bear but do no damage.
The black bear misses you. You block the black bear's attack.
The black bear claws you but does no damage.
You hit the black bear.
The black bear is lightly wounded.
The black bear barely misses you. x2
You block the black bear's attack.
You punch the black bear!
The black bear is heavily wounded.
The black bear bites you but does no damage.
The black bear claws you but does no damage. x2
You hit the black bear.
The black bear is heavily wounded.
You punch the black bear!
The black bear is almost dead.
The black bear goes berserk!
The black bear bites you.
The black bear claws you but does no damage.
The black bear misses you.
You hit the black bear but do no damage.
The black bear is almost dead.
You block the black bear's attack. The black bear claws you.
The black bear closely misses you.
You hit the black bear.
The black bear is almost dead.
The black bear barely misses you. The black bear claws you.
The black bear closely misses you. The black bear bites you.
The black bear claws you. The black bear barely misses you.
You hit the black bear.
You kill the black bear!
No target in view!
You see here a black bear corpse.
Done exploring.
Done exploring.
Unknown command.
Unknown command.
v - a plain deck of cards {drawn: 1} (in hand) {!v !V} Really evoke
v - a plain deck of cards {drawn: 1} {!v !V}?
You draw a card...
It is the Potion.
This is a plain deck of changes {drawn: 2} {!v !V}.
You feel terrible.
Really evoke
v - a plain deck of changes {drawn: 2} {!v !V}?
You draw a card...
It is the Blade.
Wield which item (- for none, * to show all)? (? for menu, Esc to quit)
You are wearing that object!
This isn't a weapon.
Your plain deck of changes {drawn: 3} {!v !V} vibrates crazily for a second.
Really evoke
v - a plain deck of changes {drawn: 3} {!v !V}?
You draw a card...
It is the Helm.
You feel the strange sensation of being on two planes at once.
Unknown command.
Unknown command.
Really evoke
v - a plain deck of changes {drawn: 4} {!v !V}?
You draw a card...
It is Focus.
Unknown command.
Really evoke
v - a plain deck of changes {drawn: 5} {!v !V}?
You draw a card...
It is the Potion.
You feel clever all of a sudden.
Really evoke
v - a plain deck of changes {drawn: 6} {!v !V}?
You draw a card...
It is the Shaft.
A shaft materialises beneath you!
Really evoke
v - a plain deck of changes {drawn: 7} {!v !V}?
You draw a card...
It is the Shaft.
Nothing appears to happen.
You are firmly grounded in the material plane once more.
Really evoke
v - a plain deck of changes {drawn: 8} {!v !V}?
You draw a card...
It is the Blade.
Wield which item (- for none, * to show all)? (? for menu, Esc to quit)
R - a +0 short sword (weapon)
Your +0 short sword glows silver and looks extremely dangerous.
Wield which item (- for none, * to show all)? (? for menu, Esc to quit)
You are already wielding that!
Your temporary branding evaporates.
You are now empty-handed.
Read which item? (? for menu, Esc to quit)
Okay, then.
v - a plain deck of changes {drawn: 9} (in hand) {!v !V} You draw a card...
It is the Alchemist.
The deck of cards disappears in a puff of smoke.
You are now empty-handed.
You feel better. 24 of your gold pieces vanish!
You aren't carrying any items that can be evoked.
Are you sure you want to abandon this character and quit the game? (Confirm with "yes".)

######## #..%^..#
#.####.# #.#
#.############
#.####.##.........#####
#.......[.###..........
#..###@##..##.###.#####
#......#....#.# #.# #
##.#####.#....# #.# #
#.# #....#####.# #
####.######.........# #
#........###.######## #
#.##.###.# #.# # #.##.#
#.###'## ### ##.##.#
#.##...## ###..


There were no monsters in sight!

Vanquished Creatures
  An elephant (Lair:2)
  4 spiny frogs
  A blink frog (Lair:2)
  A basilisk (Lair:1)
  2 hippogriffs (Lair:1)
  2 hungry ghosts
  4 wolves (Lair:1)
  4 yaks
  6 water moccasins
  4 porcupines
  A sky beast (D:8)
  An orc warrior (D:9)
  A spider (D:8)
  6 ice beasts
  2 ogres
  A black bear (D:7)
  A necrophage (D:5)
  2 crocodiles
  A boring beetle (D:8)
  A phantom (D:6)
  2 big kobolds (D:8)
  A yellow wasp (D:8)
  3 centaurs (D:7)
  Blork the orc (D:7)
  6 giant frogs
  2 scorpions (D:5)
  8 wights
  8 crimson imps
  An elf zombie (D:8)
  A jelly (D:9)
  A giant frog zombie (D:7)
  5 hounds
  A quasit (D:6)
  A centaur zombie (D:6)
  5 orc priests
  4 iguanas
  8 orc wizards
  A gnoll shaman (D:6)
  5 sheep (Lair:1)
  8 worker ants
  A sky beast zombie (D:8)
  A mummy (D:8)
  A hound skeleton (D:4)
  6 gnolls
  23 green rats
  2 shadow imps
  An inept item mimic (D:5)
  16 adders
  4 giant mites
  2 worms (D:3)
  An adder skeleton (D:4)
  An ooze (D:2)
  31 orcs
  3 ball pythons
  6 giant cockroaches
  A gnoll skeleton (D:4)
  15 hobgoblins
  9 jackals
  8 quokkas
  30 bats
  10 giant geckos
  3 giant newts
  A giant spore (D:6)
  19 goblins
  A goblin skeleton (D:5)
  A jackal zombie (D:7)
  27 kobolds
  3 kobold skeletons
  A kobold zombie (D:6)
  An orc skeleton (D:6)
  24 rats
371 creatures vanquished.

Vanquished Creatures (others)
  A kobold (D:6)
  3 fungi
4 creatures vanquished.

Grand Total: 375 creatures vanquished

Notes
Turn   | Place    | Note
--------------------------------------------------------------
     0 | D:1      | MisterOstroum, the Mummy Monk, began the quest for the Orb.
     0 | D:1      | Reached XP level 1. HP: 18/18 MP: 1/1
   693 | D:1      | Reached XP level 2. HP: 20/24 MP: 2/2
  2264 | D:1      | Reached XP level 3. HP: 16/29 MP: 3/3
  3854 | D:2      | Found a deep blue altar of Sif Muna.
  5132 | D:2      | Found a deep blue altar of Sif Muna.
  5282 | D:2      | Reached XP level 4. HP: 22/36 MP: 4/4
  5434 | D:2      | Found a deep blue altar of Sif Muna.
  6240 | D:2      | Found a deep blue altar of Sif Muna.
  9225 | D:3      | Reached XP level 5. HP: 39/42 MP: 5/5
  9567 | D:3      | Reached skill level 4 in Fighting
 11298 | D:5      | Entered Level 5 of the Dungeon
 11549 | D:5      | Found a staircase to the Ecumenical Temple.
 11566 | Temple   | Entered the Ecumenical Temple
 11669 | D:5      | Reached XP level 6. HP: 49/49 MP: 6/6
 12024 | D:5      | Noticed an ice beast
 12964 | D:5      | Reached skill level 5 in Fighting
 13007 | D:5      | Reached skill level 5 in Unarmed Combat
 13007 | D:5      | Reached XP level 7. HP: 41/56 MP: 7/7
 13013 | D:5      | Noticed an ice beast
 13128 | D:4      | Killed an ice beast
 14269 | D:5      | Found a staircase to the Ecumenical Temple.
 15209 | D:6      | Reached skill level 6 in Fighting
 15260 | D:6      | Reached XP level 8. HP: 49/64 MP: 8/8
 15794 | D:6      | Reached skill level 1 in Shields
 16189 | D:6      | Found Idextuwoi's Assorted Antiques.
 16196 | D:6      | Bought a scroll of blinking for 225 gold pieces
 16196 | D:6      | Bought a scroll of teleportation for 90 gold pieces
 17093 | D:6      | Found Idextuwoi's Assorted Antiques.
 17839 | D:6      | Reached skill level 7 in Fighting
 17957 | D:6      | Found Idextuwoi's Assorted Antiques.
 19067 | D:6      | Found Idextuwoi's Assorted Antiques.
 20383 | D:6      | Found Idextuwoi's Assorted Antiques.
 20902 | D:7      | Reached XP level 9. HP: 46/72 MP: 9/9
 21994 | D:7      | Noticed Blork the orc
 22364 | D:7      | Reached skill level 8 in Fighting
 23040 | D:8      | Found a staircase to the Lair.
 23067 | D:8      | Reached skill level 5 in Dodging
 23075 | D:8      | Found a shimmering altar of Xom.
 24780 | D:8      | Reached skill level 9 in Fighting
 25607 | D:9      | Reached XP level 10. HP: 68/83 MP: 10/10
 28307 | Lair:1   | Entered Level 1 of the Lair of Beasts
 30394 | Lair:2   | Reached skill level 5 in Stealth
 31328 | Lair:2   | Noticed a four-headed hydra
 32212 | Lair:3   | Reached XP level 11. HP: 49/89 MP: 11/11
 32333 | Lair:2   | Noticed an elephant
 32481 | Lair:2   | Noticed an elephant
 32617 | Lair:2   | Killed an elephant
 33697 | D:7      | Killed Blork the orc
 34141 | D:7      | Reached skill level 10 in Fighting
 34506 | D:7      | Quit the game

Action                   |  1- 3 |  4- 6 |  7- 9 | 10-12 || total
-------------------------+-------+-------+-------+-------++-------
Melee: Unarmed           |   212 |   455 |  1063 |   643 ||  2373
Evoke: Deck              |       |       |       |    10 ||    10
  Use: Scroll            |     1 |     6 |     6 |     2 ||    15
 Stab: Sleeping          |     2 |    12 |    12 |     5 ||    31
       Distracted        |     1 |     1 |     2 |     6 ||    10
